 Dungeon Crawl Stone Soup version 0.29-a0-362-g5854e031c7 (webtiles) character file.

Game seed: 2839757407002427332

114 Shayle the Sneak (level 4, -2/28 HPs)
             Began as a Tengu Brigand on Apr 29, 2022.
             Was an Initiate of Ashenzari.
             Succumbed to a scorpion's poison
             ... on level 5 of the Dungeon.
             The game lasted 00:08:45 (3659 turns).

Shayle the Sneak (Tengu Brigand)                    Turns: 3659, Time: 00:08:46

Health: -2/28      AC:  7    Str: 12    XL:     4   Next: 98%
Magic:  5/5        EV: 11    Int: 13    God:    Ashenzari [......]
Gold:   175        SH:  0    Dex: 15    Spells: 3/3 levels left

rFire   + . .      SeeInvis .   a - +2 dagger
rCold   . . .      Faith    .   (no shield)
rNeg    . . .      Spirit   .   x - +1 ring mail {rF+}
rPois   .          Reflect  .   (helmet restricted)
rElec   .          Harm     .   c - +0 cloak
rCorr   .          Rampage  .   (no gloves)
Will    .....                   (boots unavailable)
Stlth   ++........              (no amulet)
HPRegen 0.09/turn               u - ring of wizardry
MPRegen 0.09/turn               (no ring)

@: lethally poisoned (-2 -> -20)
A: beak, talons 3
a: Renounce Religion


You were on level 5 of the Dungeon.
You worshipped Ashenzari.
Ashenzari was noncommittal.
You visited 1 branch of the dungeon, and saw 5 of its levels.

You collected 175 gold pieces.

Inventory:

Hand Weapons
 a - a +2 dagger (weapon)
Missiles
 d - 9 poisoned darts (quivered)
 e - 3 curare-tipped darts
 s - 3 boomerangs of dispersal
Armour
 c - a +0 cloak (worn)
 x - a +1 ring mail of fire resistance (worn)
Jewellery
 o - the amulet "Qeqics Caneu" {Acrobat *Slow rF++ rC++}
   (You found it on level 2 of the Dungeon)

   [amulet of the acrobat]

   It increases your evasion while moving and waiting.
   rF:        It greatly protects you from fire.
   rC:        It greatly protects you from cold.
   *Slow:     It may slow you when you take damage.
 r - a ring of magical power
 u - a ring of wizardry (left hand)
Wands
 y - a wand of polymorph (5)
Scrolls
 g - 2 scrolls of blinking {unknown}
 i - a scroll of fog {unknown}
 k - a scroll of teleportation {unknown}
 m - a scroll of magic mapping {unknown}
 n - a scroll of summoning {unknown}
 q - a scroll of enchant armour {unknown}
 t - a scroll of vulnerability {unknown}
Potions
 b - a potion of degeneration {unknown}
 f - a potion of magic {unknown}
 h - 3 potions of curing
 j - a potion of brilliance {unknown}
 l - 3 potions of lignification
 p - a potion of might {unknown}
 v - a potion of flight {unknown}
 w - a potion of heal wounds {unknown}


   Skills:
 + Level 3.2 Fighting
 - Level 2.1 Short Blades
 - Level 2.0 Throwing
 + Level 3.0 Dodging
 + Level 4.9 Stealth


You had 3 spell levels left.
You didn't know any spells.
Your spell library contained the following spells:

 Spells                   Type           Power      Damage    Failure   Level
 Animate Skeleton         Necr           0%         N/A       26%         1
 Pain                     Necr           0%         1d4       26%         1
 Ignite Poison            Fire/Tmut/Pois 0%         N/A       61%         3
 Mephitic Cloud           Conj/Pois/Air  0%         N/A       61%         3
 Vampiric Draining        Necr           0%         2d6       61%         3
 Freezing Cloud           Conj/Ice/Air   0%         6-21      99%         5


Dungeon Overview and Level Annotations

Branches:
Dungeon (5/15)
 Temple: D:4-7

Altars:
Ashenzari
Fedhas
Hepliaklqana
Ru
Vehumet
Wu Jian


Innate Abilities, Weirdness & Mutations

You have a beak for a mouth.
You have claws for feet.


Message History

You climb downwards.
There is a stone staircase leading up here.
(D) Dungeon
Where to? (Enter - D:4, ? - help)
There is a stone staircase leading down here.
You climb downwards.
Found a scroll of identify, a chain mail and a scroll labelled OTUIWN CAGERCH.
Found a stone staircase leading down.
There is a stone staircase leading up here.
A scorpion is nearby!
You hit the scorpion. You claw the scorpion. Your peck misses the scorpion.
The scorpion is lightly wounded.
The scorpion stings you but does no damage.
You hit the scorpion.
The scorpion is moderately wounded.
The scorpion stings you.
You are poisoned.
The scorpion poisons you!
You hit the scorpion.
The scorpion is heavily wounded.
You feel very sick.
The scorpion stings you but does no damage.
You hit the scorpion but do no damage.
The scorpion is heavily wounded.
You feel sick. The scorpion stings you.
You hit the scorpion.
You peck the scorpion, but do no damage.
The scorpion is severely wounded.
You feel sick. The scorpion stings you.
You are lethally poisoned!
The scorpion poisons you!
You hit the scorpion but do no damage. You claw the scorpion.
The scorpion is severely wounded.
* * * LOW HITPOINT WARNING * * *
You feel very sick. The scorpion stings you.
* * * LOW HITPOINT WARNING * * *
You hit the scorpion.
The scorpion is almost dead.
You die...

## .# .. . #.
##. ##.##..
####
#.....#....#
###.....#....#.
.......s..?....
###.##.@#....#
.......<...>.#
.......?....[#
.#####.##....#
#. ....# #.
##### .. .# ..


You could see a scorpion.

Vanquished Creatures
  3 adders (D:4)
  An ufetubus (D:4)
  A dart slug (D:1)
  3 orcs (D:4)
  5 endoplasms
  3 giant cockroaches
  8 goblins
  4 hobgoblins
  7 jackals
  4 quokkas
  8 ball pythons
  16 bats
  3 frilled lizards
  A kobold (D:3)
  5 rats
72 creatures vanquished.

Notes
Turn   | Place    | Note
-------+----------+-------------------------------------------
     0 | D:1      | Shayle the Tengu Brigand began the quest for the Orb.
     0 | D:1      | Reached XP level 1. HP: 12/12 MP: 2/2
   454 | D:1      | Reached XP level 2. HP: 8/17 MP: 3/3
   762 | D:1      | Reached XP level 3. HP: 21/22 MP: 4/4
  1241 | D:2      | Identified the amulet "Qeqics Caneu" {Acrobat *Slow rF++
                  | rC++}
  2309 | D:3      | Reached XP level 4. HP: 27/27 MP: 5/5
  3266 | D:4      | Found an ornate altar of the Wu Jian Council.
  3548 | D:4      | Found a sacrificial altar of Ru.
  3548 | D:4      | Found a blossoming altar of Fedhas.
  3553 | D:4      | Found a radiant altar of Vehumet.
  3555 | D:4      | Found a hazy altar of Hepliaklqana.
  3556 | D:4      | Found a broken altar of Ashenzari.
  3560 | D:4      | Became a worshipper of Ashenzari the Shackled
  3651 | D:5      | Entered Level 5 of the Dungeon
  3651 | D:5      | Noticed a scorpion
  3658 | D:5      | HP: 1/28 [scorpion (6)]
  3659 | D:5      | Succumbed to a scorpion's poison

Illustrated notes

Levels and vault maps discovered:
D:1:      minmay_arrival_three_doors, layout_basic, grunt_decor_fettered,
          nrook_mini_backslash
D:2:      layout_basic, serial_bayou, serial_bayou_pond_b, serial_bayou_pond_e,
          serial_bayou_lake_a, serial_bayou_ford_a, serial_bayou_pond_d,
          st_stairs_4
D:3:      layout_basic, roderic_batcave
D:4:      layout_basic, mainiacjoe_overflow_paths,
          chequers_temple_overflow_minitemple
D:5:      layout_rooms, mainiacjoe_overflow_boulevard, serial_shops, shop,
          minmay_misc_feat_x

Skill      XL: |  1  2  3  4 |
---------------+-------------+-----
Dodging        | 2 3 |  3.0
Fighting       | 3 |  3.2
Short Blades   | |  2.1
Throwing       | |  2.0
Stealth        | |  4.9

Action                   |  1- 3 |  4- 6 || total
-------------------------+-------+-------++-------
Melee: Dagger            |   101 |    64 ||   165
       Kick              |    17 |    12 ||    29
       Peck              |     8 |    16 ||    24
       Punch             |     2 |       ||     2
  Use: Scroll            |       |     2 ||     2
 Stab: Sleeping          |    10 |     5 ||    15
Armor: Robe              |    17 |       ||    17
       Ring mail         |    31 |    19 ||    50
Dodge: Dodged            |    93 |    30 ||   123

Table legend: (Time is in decaauts)
 A = Elapsed time spent in this place.
 B = Non-inter-level travel time spent in this place.
 C = Inter-level travel time spent in this place.
 D = Time resting spent in this place.
 E = Time spent auto-exploring this place.
 F = Levels seen in this place.
 G = Mean time per level.
                   A        B        C        D        E       F      G
               +--------+--------+--------+--------+--------+-----+--------+
         Total |   3691 |   3554 |    137 |      0 |   2858 |   5 |  738.2 |
       Dungeon |   3691 |   3554 |    137 |      0 |   2858 |   5 |  738.2 |
               +--------+--------+--------+--------+--------+-----+--------+

Top non-repeatable levels by time:
     D:1: 1073 daAuts
     D:3: 1036 daAuts
     D:2: 901 daAuts
     D:4: 672 daAuts
     D:5: 7 daAuts
